Cogmind - Beta 17 @@@ ROGUE MODE // 2026.08.04 @ 11:03:57 Player: Quad Result: Self-destructed Performance ------------- Evolutions (5) 2500 Regions Visited (11) 2200 Robots Destroyed (30) 150 Value Destroyed (911) 911 Prototype IDs (2) 40 Alien Tech Used (0) 0 Bonus (700) 700 TOTAL SCORE: 6501 Bonus ------- Entered Garrisons 200 Used RIF Installer 500 Cogmind --------- Core Integrity 1000/1000 Matter 300/300 Energy 100/100 System Corruption 0% Temperature Cool (0) Movement Flying (32) Location -5/Factory Parts ------- > --- POWER (2) -------- (None) > --- PROPULSION (5) --- VTOL Module VTOL Module > --- UTILITY (7) ------ Makeshift Hacking Suite Improved Hacking Suite System Shield Recalibrator > --- WEAPON (3) ------- (None) > --- INVENTORY (5) ---- Improved Heat Sink Advanced Terrain Scan Processor Plasma Cannon Peak State ------------ > --- POWER ------------ Light Nuclear Core > --- PROPULSION ------- VTOL Module Nuclear Pulse Thruster > --- UTILITY ---------- Power Amplifier ECM Suite Makeshift Hacking Suite Improved Hacking Suite System Shield Recalibrator > --- WEAPON ----------- Plasma Cannon > --- INVENTORY -------- Light Ion Engine Improved Heat Sink Advanced Terrain Scan Processor [Rating: 36] Favorites ----------- Power Ion Engine Engine Ion Engine Power Core Light Nuclear Core Propulsion Aluminum Leg Leg Aluminum Leg Flight Unit VTOL Module Utility Small Storage Unit Device Improved Terrain Scanner Storage Small Storage Unit Processor Advanced Terrain Scan Processor Hackware System Shield Protection Weapon Shielding Weapon Particle Gun Energy Gun Particle Gun Energy Cannon Plasma Cannon Ballistic Gun Assault Rifle Launcher Missile Launcher Special Melee Weapon Datajack Build | -11 -10 -10 -10 -9 -8 -7 -7 -6 -6 -6 -5 ------- Run | Yrd Mat Min Exi Min Mat Fac Gar Fac Low Low Fac Slots Evolved 10 | . . . . . 4 2 . 2 . . 2 Power 1 | . . . . . . . . 1 . . . Propulsion 3 | . . . . . 2 . . . . . 1 Utility 5 | . . . . . 1 2 . 1 . . 1 Weapon 1 | . . . . . 1 . . . . . . Parts Attached 42 | 6 3 3 . 2 13 1 2 . 11 1 . Power 4 | 1 . . . . 1 . 1 . 1 . . Engine 3 | 1 . . . . 1 . 1 . . . . Core 1 | . . . . . . . . . 1 . . Reactor . | . . . . . . . . . . . . Propulsion 10 | 2 1 1 . . 3 . . . 2 1 . Treads . | . . . . . . . . . . . . Leg 7 | 2 1 1 . . 3 . . . . . . Wheel . | . . . . . . . . . . . . Hover . | . . . . . . . . . . . . Flight 3 | . . . . . . . . . 2 1 . Utility 13 | 1 1 2 . . 1 . 1 . 7 . . Device 6 | . . 1 . . . . 1 . 4 . . Storage 2 | 1 1 . . . . . . . . . . Processor 1 | . . . . . 1 . . . . . . Hackware 3 | . . . . . . . . . 3 . . Protection 1 | . . 1 . . . . . . . . . Artifact . | . . . . . . . . . . . . Weapon 15 | 2 1 . . 2 8 1 . . 1 . . Energy Gun 2 | . 1 . . . 1 . . . . . . Energy Cannon 1 | . . . . . . . . . 1 . . Ballistic Gun 4 | 2 . . . . 2 . . . . . . Ballistic Cannon . | . . . . . . . . . . . . Launcher 6 | . . . . 2 3 1 . . . . . Special Weapon . | . . . . . . . . . . . . Impact Weapon . | . . . . . . . . . . . . Slashing Weapon . | . . . . . . . . . . . . Piercing Weapon . | . . . . . . . . . . . . Special Melee Weapon 2 | . . . . . 2 . . . . . . Unidentified Prototypes . | . . . . . . . . . . . . Parts Lost 21 | . . . . 1 4 2 8 . 1 5 . Power 3 | . . . . . . . 1 . . 2 . Propulsion 5 | . . . . . . 2 2 . . 1 . Utility 4 | . . . . . . . 2 . . 2 . Weapon 9 | . . . . 1 4 . 3 . 1 . . Highest Loss Streak 7 | . . . . 1 2 2 7 . 1 2 . To Critical Strikes . | . . . . . . . . . . . . Average Backups 6 | 2 7 8 8 7 6 7 6 4 3 3 3 Power . | . 1 1 1 1 1 1 . 1 . . . Propulsion 2 | 1 4 4 4 2 . . . . . . . Utility 1 | . . 1 1 1 3 4 3 2 2 2 2 Weapon 1 | . 1 1 2 3 1 2 1 1 . 1 1 Tool/Special . | . . . . . . . . . . . . Unused Backups 14 | . 4 3 . 2 2 . . 1 . . 2 Power . | . . . . . . . . . . . . Propulsion 8 | . 4 2 . 2 . . . . . . . Utility 4 | . . . . . 1 . . 1 . . 2 Weapon 2 | . . 1 . . 1 . . . . . . Tool/Special . | . . . . . . . . . . . . Average Slot Usage (%) 73 | . 85 95 100 99 90 69 23 . 40 56 35 Engine 9 | . 14 14 14 14 8 7 1 . 2 4 . Leg 19 | . 28 28 28 28 35 28 4 . . . . Flight 3 | . . . . . . . . . 9 18 11 Device 8 | . . 5 14 14 9 7 2 . 11 12 5 Storage 8 | . 14 14 14 14 9 7 6 . . . . Processor 1 | . . . . . 7 7 2 . . . . Hackware 3 | . . . . . . . . . 10 20 17 Energy Gun 7 | . 10 14 14 14 5 . . . . . . Ballistic Gun 7 | . 17 14 14 13 5 . . . . . . Launcher 1 | . . . . . 6 9 5 . . . . Peak Build Rating 36 | 6 8 11 11 12 23 22 20 1 36 36 21 Average Rating 13 | 3 7 9 11 10 18 19 7 . 20 27 21 On Entrance 11 | . 6 8 11 11 11 18 20 1 1 33 21 Avg Prop Armor Cover (%) . | . . . . . . . . . . . . Naked Turns 301 | . . . . . . . 23 240 38 . . Heaviest Build 29 | 14 15 16 16 18 29 26 26 . 16 12 1 Greatest Support 40 | 20 20 20 20 20 40 40 20 3 10 14 8 Greatest Overweight (x) 4 | 1 . . . . . 1 4 . 1 . . Average Overweight (x) . | . . . . . . . . . . . . Largest Inventory Capacity 20 | 8 20 8 8 8 8 8 8 5 5 5 5 Average Capacity 7 | 7 8 8 8 8 8 8 7 5 5 5 5 Most Carried 8 | 6 8 8 8 8 8 7 7 5 5 4 3 Average Carried 6 | 2 7 7 8 7 6 7 6 4 3 3 3 Final Capacity 8 | 8 8 8 8 8 8 8 5 5 5 5 5 Final Carried 8 | 6 8 8 8 6 7 7 5 5 4 3 3 Class Distribution -------------------- 42% | Scavenger-Mutant 35% | Mutant 13% | Hacker-Sprinter 3% | Scavenger-Skirmisher 3% | Derelict-Mutant Dominant Class ---------------- Mutant | -10/Materials Mutant | -10/Mines Scavenger-Mutant | -10/Exiles Scavenger-Mutant | -9/Mines Scavenger-Mutant | -8/Materials Scavenger-Mutant | -7/Factory Mutant | -7/Garrison Mutant | -6/Factory Mutant | -6/Lower Caves Hacker-Sprinter | -6/Lower Caves Hacker-Sprinter | -5/Factory Resources | -11 -10 -10 -10 -9 -8 -7 -7 -6 -6 -6 -5 ----------- Run | Yrd Mat Min Exi Min Mat Fac Gar Fac Low Low Fac Matter Collected 1116 | 224 104 40 . 6 253 11 48 . 430 . . Remotely . | . . . . . . . . . . . . Salvage Created 621 | . 97 34 . . 328 11 55 . 96 . . Parts 41 | . 6 4 . . 22 . 2 . 7 . . Haulers Intercepted . | . . . . . . . . . . . . Recyclers Shooed 1 | . . . . . 1 . . . . . . Parts Field Recycled . | . . . . . . . . . . . . Retrieved Matter . | . . . . . . . . . . . . Parts Self-Destructed 5 | . . . . . . . . . 5 . . Prevented 2 | . . . . . . . . . 1 1 . Parts Restored . | . . . . . . . . . . . . Kills | -11 -10 -10 -10 -9 -8 -7 -7 -6 -6 -6 -5 ------- Run | Yrd Mat Min Exi Min Mat Fac Gar Fac Low Low Fac Combat Hostiles Destroyed 20 | . 3 . . 1 9 . 3 . 4 . . Guns 3 | . 3 . . . . . . . . . . Cannons 1 | . . . . . . . . . 1 . . AOE 16 | . . . . 1 9 . 3 . 3 . . Classes Destroyed 10 | . 2 1 . 1 5 . . . 1 . . Worker 3 | . . . . . 3 . . . . . . Builder 1 | . . . . . 1 . . . . . . Tunneler 2 | . . 2 . . . . . . . . . Operator 1 | . . . . . 1 . . . . . . Watcher 4 | . 2 . . . 1 1 . . . . . Swarmer 6 | . 3 . . . . . . . 3 . . Grunt 10 | . . . . . 7 . 3 . . . . Sentry 2 | . . . . . 2 . . . . . . Programmer 1 | . . . . . . . . . 1 . . Assembled 1 | . . . . 1 . . . . . . . Best Kill Streak 6 | . 3 1 . 1 6 1 3 . 3 . . Combat Bots Only 5 | . 3 . . 1 5 . 3 . 3 . . Max Kills in Single Turn 3 | . 2 1 . 1 3 1 2 . 3 . . Gunslinging . | . . . . . . . . . . . . Exploded 3 | . . . . 1 2 . 2 . 3 . . Melee . | . . . . . . . . . . . . Uniques/NPCs Destroyed . | . . . . . . . . . . . . Combat | -11 -10 -10 -10 -9 -8 -7 -7 -6 -6 -6 -5 -------- Run | Yrd Mat Min Exi Min Mat Fac Gar Fac Low Low Fac Hostile Shots Fired 170 | . 9 . . 4 40 . 47 2 39 29 . Missed 61 | . 3 . . . 15 . 15 1 13 14 . Hits 109 | . 6 . . 4 25 . 32 1 26 15 . Projectile 109 | . 6 . . 4 25 . 32 1 26 15 . AOE 11 | . . . . 11 . . . . . . . Critical Strikes 5 | . . . . . 1 . 4 . . . . Damage Taken 2277 | . 176 . . 358 494 28 696 18 396 111 . Core 746 | . . . . 68 66 . 340 18 243 11 . Absorbed by Shields . | . . . . . . . . . . . . Core Remaining (%) 75 | 100 . . . 72 88 . 51 . . 68 . Volleys Fired 50 | . 12 2 . 6 19 1 5 . 5 . . Largest 2 | . 2 2 . 1 2 2 2 . 1 . . Hottest 98 | . 85 85 . 33 98 75 75 . 80 . . Shots Fired 72 | . 24 4 . 6 25 2 6 . 5 . . Gun 31 | . 24 4 . . 3 . . . . . . Cannon 4 | . . . . . . . . . 4 . . Launcher 37 | . . . . 6 22 2 6 . 1 . . Special . | . . . . . . . . . . . . Kinetic 18 | . 14 2 . . 2 . . . . . . Thermal 17 | . 10 2 . . 1 . . . 4 . . Explosive 37 | . . . . 6 22 2 6 . 1 . . Electromagnetic . | . . . . . . . . . . . . Robot Hit Streak 4 | . 4 2 . 2 3 . 4 . 3 . . Robot Miss Streak 5 | . 3 1 . 2 5 4 1 . 1 . . Penetration Max . | . . . . . . . . . . . . Secondary Targets . | . . . . . . . . . . . . Shots Hit Robots 35 | . 12 2 . 2 11 . 4 . 4 . . Core Hits 56 | . 6 2 . 8 28 2 5 . 5 . . Critical Kills . | . . . . . . . . . . . . Critical Parts Destroyed . | . . . . . . . . . . . . Critical Strikes . | . . . . . . . . . . . . Melee Attacks 4 | . . . . . 4 . . . . . . Impact . | . . . . . . . . . . . . Slashing . | . . . . . . . . . . . . Piercing . | . . . . . . . . . . . . Sneak Attacks 2 | . . . . . 2 . . . . . . Combat Hostiles . | . . . . . . . . . . . . Follow-up Attacks . | . . . . . . . . . . . . Damage Inflicted 2110 | . 175 29 . 96 1038 77 483 . 212 . . Guns 219 | . 175 29 . . 15 . . . . . . Cannons 93 | . . . . . . . . . 93 . . Explosions 1798 | . . . . 96 1023 77 483 . 119 . . Melee . | . . . . . . . . . . . . Ramming . | . . . . . . . . . . . . Kinetic 131 | . 103 13 . . 15 . . . . . . Thermal 278 | . 72 16 . . 97 . . . 93 . . Explosive 1701 | . . . . 96 926 77 483 . 119 . . Electromagnetic . | . . . . . . . . . . . . Impact . | . . . . . . . . . . . . Slashing . | . . . . . . . . . . . . Piercing . | . . . . . . . . . . . . Highest Corruption . | . . . . . . . . . . . . Average Corruption . | . . . . . . . . . . . . Corruption Purged . | . . . . . . . . . . . . Corruption Blocked . | . . . . . . . . . . . . Overload Shots . | . . . . . . . . . . . . Overflow Damage 136 | . . . . . 21 27 85 . 3 . . Projectiles 3 | . . . . . . . . . 3 . . Explosions 133 | . . . . . 21 27 85 . . . . Melee . | . . . . . . . . . . . . Knockbacks . | . . . . . . . . . . . . Impact . | . . . . . . . . . . . . Kinetic . | . . . . . . . . . . . . Secondary . | . . . . . . . . . . . . Self-Inflicted Damage 283 | . . . . . 37 28 198 . 20 . . Shots 9 | . . . . . 2 1 5 . 1 . . Rammed . | . . . . . . . . . . . . Targets Rammed . | . . . . . . . . . . . . Kicked . | . . . . . . . . . . . . Crushed . | . . . . . . . . . . . . Highest Temperature 104 | . 96 24 . . 18 . 54 . 104 . . Average Temperature 36 | . 38 13 . . 10 . 45 . 52 . . Received Heat Transfer 369 | . . . . . 135 . 171 9 30 24 . Siege Activations . | . . . . . . . . . . . . Martial Activations . | . . . . . . . . . . . . Shielding Activations . | . . . . . . . . . . . . Robots Disrupted . | . . . . . . . . . . . . Combat Hostiles . | . . . . . . . . . . . . Robots Corrupted . | . . . . . . . . . . . . Combat Hostiles . | . . . . . . . . . . . . Parts Fried . | . . . . . . . . . . . . Impact Corruptions . | . . . . . . . . . . . . Robots Melted . | . . . . . . . . . . . . Combat Hostiles . | . . . . . . . . . . . . Parts Melted 2 | . . 1 . . . . . . 1 . . Heat Transferred 472 | . 185 37 . . 100 . . . 150 . . Parts Sabotaged . | . . . . . . . . . . . . Parts Stolen . | . . . . . . . . . . . . Parts Stripped . | . . . . . . . . . . . . Power Chain Reactions . | . . . . . . . . . . . . Alert | -11 -10 -10 -10 -9 -8 -7 -7 -6 -6 -6 -5 ------- Run | Yrd Mat Min Exi Min Mat Fac Gar Fac Low Low Fac Maximum Alert Level 1 | . . . . . 1 . . . . . . Low Security (%) 89 | 100 100 100 . 100 41 100 100 100 . . 100 Level 1 10 | . . . . . 58 . . . . . . Level 2 . | . . . . . . . . . . . . Level 3 . | . . . . . . . . . . . . Level 4 . | . . . . . . . . . . . . Level 5 . | . . . . . . . . . . . . High Security . | . . . . . . . . . . . . Max Security . | . . . . . . . . . . . . Peak Influence 328 | . 55 7 . 28 328 140 105 52 . . . Initial 140 | . . 7 . . . 140 54 49 . . . Average 45 | . 6 . . . 178 109 70 18 . . . Influence Increases 1143 | . 130 10 . 30 511 28 121 33 250 30 . Destroy 0b10 Robot/C 380 | . 60 . . . 180 . 60 . 80 . . Destroy 0b10 Robot/NC 55 | . 10 10 . . 30 5 . . . . . Destroy Leader 78 | . 14 . . . 42 2 . . 20 . . Successful Hack 10 | . . . . . 3 4 . 3 . . . Disable Machine 90 | . . . . 15 75 . . . . . . Destroy Structure 245 | . 1 . . 15 166 17 46 . . . . Partial Spotted 15 | . . . . . . . . 15 . . . Lose Combat Pursuer 270 | . 45 . . . 15 . 15 15 150 30 . Influence Decreases 1143 | . 110 30 . 28 204 259 104 128 206 74 . Entered New Map 263 | . . 13 . . 2 169 24 46 . 9 . Time Decay 665 | . 55 17 . 8 172 70 . 82 196 65 . Lost Part 150 | . . . . 10 30 20 80 . 10 . . Lost Ally 10 | . . . . 10 . . . . . . . Purge Threat 55 | . 55 . . . . . . . . . . Squads Dispatched 6 | . 1 . . . 2 . . 3 . . . Investigation 2 | . . . . . 1 . . 1 . . . Extermination 1 | . . . . . . . . 1 . . . Reinforcement 3 | . 1 . . . 1 . . 1 . . . Assault . | . . . . . . . . . . . . Garrison . | . . . . . . . . . . . . Intercept . | . . . . . . . . . . . . Searches Triggered . | . . . . . . . . . . . . Construction Impeded . | . . . . . . . . . . . . Haulers Reinforced . | . . . . . . . . . . . . Active Scanning Responses . | . . . . . . . . . . . . Cargo Convoy Interrupts . | . . . . . . . . . . . . Stealth | -11 -10 -10 -10 -9 -8 -7 -7 -6 -6 -6 -5 --------- Run | Yrd Mat Min Exi Min Mat Fac Gar Fac Low Low Fac Distress Signals 2 | . . . . . 2 . . . . . . Communications Jammed . | . . . . . . . . . . . . Distress Signals . | . . . . . . . . . . . . Times Spotted 76 | . 11 . . 13 11 1 16 2 20 2 . Peak Tracking Total 14 | . 3 . . 11 3 1 14 1 11 1 . Tactical Retreats 13 | . 2 . . . 1 . 1 1 6 2 . ECM-based Alert Blocks 7 | . . . . . . . . . 7 . . Traps | -11 -10 -10 -10 -9 -8 -7 -7 -6 -6 -6 -5 ------- Run | Yrd Mat Min Exi Min Mat Fac Gar Fac Low Low Fac Traps Triggered 3 | . 1 . . . . . 2 . . . . Indirectly . | . . . . . . . . . . . . Trap Hack Attempts . | . . . . . . . . . . . . Triggered . | . . . . . . . . . . . . Disarmed . | . . . . . . . . . . . . Reprogrammed . | . . . . . . . . . . . . Reused . | . . . . . . . . . . . . Traps Extracted . | . . . . . . . . . . . . Installed . | . . . . . . . . . . . . Triggered . | . . . . . . . . . . . . Machines | -11 -10 -10 -10 -9 -8 -7 -7 -6 -6 -6 -5 ---------- Run | Yrd Mat Min Exi Min Mat Fac Gar Fac Low Low Fac Machines Disabled 6 | . . . . 1 5 . . . . . . Max in Single Turn 5 | . . . . 1 5 . . . . . . Machines Repaired . | . . . . . . . . . . . . Machines Dismantled . | . . . . . . . . . . . . Machines Sabotaged . | . . . . . . . . . . . . Overloaded Fab Kills . | . . . . . . . . . . . . Hacking | -11 -10 -10 -10 -9 -8 -7 -7 -6 -6 -6 -5 --------- Run | Yrd Mat Min Exi Min Mat Fac Gar Fac Low Low Fac Machines Accessed 13 | . 3 . 4 . 2 1 . 3 . . . Terminals 8 | . 3 . . . 2 . . 3 . . . Fabricators . | . . . . . . . . . . . . Repair Stations . | . . . . . . . . . . . . Recycling Units . | . . . . . . . . . . . . Scanalyzers . | . . . . . . . . . . . . Garrison Access 1 | . . . . . . 1 . . . . . Total Hacks 66 | . 5 . 49 . 5 1 . 6 . . . Successful 57 | . 4 . 49 . 1 1 . 2 . . . Failed 9 | . 1 . . . 4 . . 4 . . . Catastrophic 1 | . 1 . . . . . . . . . . Database Lockouts . | . . . . . . . . . . . . Manual 12 | . 4 . 2 . 4 . . 2 . . . Terminals 16 | . 5 . . . 5 . . 6 . . . Fabricators . | . . . . . . . . . . . . Repair Stations . | . . . . . . . . . . . . Recycling Units . | . . . . . . . . . . . . Scanalyzers . | . . . . . . . . . . . . Garrison Access 1 | . . . . . . 1 . . . . . Terminal Hacks 53 | . 2 . 49 . . . . 2 . . . Record 49 | . . . 49 . . . . . . . . Prototype ID Bank 1 | . . . . . . . . 1 . . . Unreport Threat 1 | . 1 . . . . . . . . . . Maintenance Status 1 | . . . . . . . . 1 . . . Zone Layout 1 | . 1 . . . . . . . . . . Fabricator Hacks . | . . . . . . . . . . . . Repair Station Hacks . | . . . . . . . . . . . . Recycling Unit Hacks . | . . . . . . . . . . . . Scanalyzer . | . . . . . . . . . . . . Garrison Access Hacks 1 | . . . . . . 1 . . . . . Unlock Access 1 | . . . . . . 1 . . . . . Unauthorized Hacks 3 | . 2 . . . 1 . . . . . . Terminals 3 | . 2 . . . 1 . . . . . . Track 3 | . 2 . . . 1 . . . . . . Fabricators . | . . . . . . . . . . . . Repair Stations . | . . . . . . . . . . . . Recycling Units . | . . . . . . . . . . . . Scanalyzers . | . . . . . . . . . . . . Garrison Access . | . . . . . . . . . . . . Data Cores Recovered . | . . . . . . . . . . . . Used . | . . . . . . . . . . . . Hacking Detections 5 | . 1 . . . 2 1 . 1 . . . Full Trace Events 2 | . . . . . 1 . . 1 . . . Feedback Events . | . . . . . . . . . . . . Feedback Blocked . | . . . . . . . . . . . . Robot Schematics Acquired . | . . . . . . . . . . . . Robots Built . | . . . . . . . . . . . . Authchips . | . . . . . . . . . . . . Time . | . . . . . . . . . . . . Total Robot Build Rating . | . . . . . . . . . . . . Part Schematics Acquired . | . . . . . . . . . . . . Parts Built . | . . . . . . . . . . . . Authchips . | . . . . . . . . . . . . Time . | . . . . . . . . . . . . Total Part Build Rating . | . . . . . . . . . . . . Part Studies Acquired . | . . . . . . . . . . . . Parts Repaired . | . . . . . . . . . . . . Time . | . . . . . . . . . . . . Parts Recycled . | . . . . . . . . . . . . Recycled Matter . | . . . . . . . . . . . . Retrieved Matter . | . . . . . . . . . . . . Retrieved Components . | . . . . . . . . . . . . Parts Scanalyzed . | . . . . . . . . . . . . Part Schematics Acquired . | . . . . . . . . . . . . Parts Damaged . | . . . . . . . . . . . . Bothacking | -11 -10 -10 -10 -9 -8 -7 -7 -6 -6 -6 -5 ------------ Run | Yrd Mat Min Exi Min Mat Fac Gar Fac Low Low Fac Used RIF Installer 1 | . . . . . . . 1 . . . . Robots Hacked 2 | . . . . . 2 . . . . . . Non-combat 1 | . . . . . 1 . . . . . . Combat 1 | . . . . . 1 . . . . . . Robot Hacks Applied 3 | . . . . . 3 . . . . . . parse_system 2 | . . . . . 2 . . . . . . no_distress 1 | . . . . . 1 . . . . . . Relay Couplers Released . | . . . . . . . . . . . . Fabnet Peak Effective % . | . . . . . . . . . . . . Robots Rewired . | . . . . . . . . . . . . Allies Hacked . | . . . . . . . . . . . . Hacks Repelled . | . . . . . . . . . . . . Allies | -11 -10 -10 -10 -9 -8 -7 -7 -6 -6 -6 -5 -------- Run | Yrd Mat Min Exi Min Mat Fac Gar Fac Low Low Fac Total Allies 3 | . . 3 . . . . . . . . . Largest Group 3 | . . 3 3 3 . . . . . . . Highest-Rated Group 40 | . . 40 40 40 . . . . . . . Highest-Rated Ally 16 | . . 16 16 16 . . . . . . . Total Orders . | . . . . . . . . . . . . Ally Attacks 11 | . . . . 11 . . . . . . . Total Damage 94 | . . . . 94 . . . . . . . Kills 1 | . . . . 1 . . . . . . . Allies Corrupted . | . . . . . . . . . . . . Allies Melted . | . . . . . . . . . . . . Intel | -11 -10 -10 -10 -9 -8 -7 -7 -6 -6 -6 -5 ------- Run | Yrd Mat Min Exi Min Mat Fac Gar Fac Low Low Fac Active Infowar (turns) 2259 | . . 293 590 495 299 141 58 . 351 32 . Sensors 32 | . . . . . . . 32 . . . . Terrain 1844 | . . 293 590 495 299 141 26 . . . . ECM 383 | . . . . . . . . . 351 32 . Robot Analysis Total . | . . . . . . . . . . . . Derelict Logs Recovered 3 | . . 2 . . . . . . . 1 . Drone Launches . | . . . . . . . . . . . . Drone Recoveries . | . . . . . . . . . . . . Exploration | -11 -10 -10 -10 -9 -8 -7 -7 -6 -6 -6 -5 ------------- Run | Yrd Mat Min Exi Min Mat Fac Gar Fac Low Low Fac Turns Passed 4293 | 72 294 753 590 495 467 141 240 240 430 569 2 Spaces Moved 3398 | 53 194 594 473 137 291 98 174 266 555 559 4 Core 502 | 11 . . . . . . 143 266 82 . . Treads . | . . . . . . . . . . . . Legs 1860 | 42 194 594 473 137 291 98 31 . . . . Wheels . | . . . . . . . . . . . . Hover . | . . . . . . . . . . . . Flight 1036 | . . . . . . . . . 473 559 4 Fastest Speed 30 | 50 120 120 120 120 120 120 50 50 34 30 32 Average Speed 90 | 107 120 120 120 120 120 127 110 50 69 30 32 Slowest Speed 250 | 120 120 120 120 120 120 190 250 50 115 34 32 Overloaded Moves . | . . . . . . . . . . . . Propulsion Burnouts . | . . . . . . . . . . . . Robots Hopped . | . . . . . . . . . . . . Potential Cave-ins . | . . . . . . . . . . . . Cave-ins Triggered . | . . . . . . . . . . . . Exploration Rate (%) 37 | 4 41 98 91 29 24 3 34 8 69 45 1 Regions Visited 11 Branch Regions 5 Pre-discovered Areas 2 | . . 1 1 . . . . . . . . Known Exits Taken 1 | . . . . . . 1 . . . . . Unknown Exits Taken 9 | 1 1 1 1 1 1 . . 1 1 1 . Scrap Searched 12 | . . 3 . 1 . . . . 8 . . Spaces Dug . | . . . . . . . . . . . . Terrain Destroyed 312 | . . . . 23 204 17 67 . 1 . . Melee . | . . . . . . . . . . . . Projectile . | . . . . . . . . . . . . AOE 312 | . . . . 23 204 17 67 . 1 . . Terrain Rammed . | . . . . . . . . . . . . Walls Destroyed . | . . . . . . . . . . . . Machines Disabled . | . . . . . . . . . . . . Actions | -11 -10 -10 -10 -9 -8 -7 -7 -6 -6 -6 -5 --------- Run | Yrd Mat Min Exi Min Mat Fac Gar Fac Low Low Fac Total 4517 | 65 232 631 495 463 383 111 215 372 589 957 4 Wait 916 | . 12 24 13 314 30 11 . 105 13 394 . Move 3388 | 52 193 593 472 136 290 98 173 265 554 558 4 Hop . | . . . . . . . . . . . . Pick Up 28 | 7 6 4 . 2 7 . . 1 1 . . Fast Attach 28 | 5 2 2 . . 8 1 . . 9 1 . Attach 21 | 1 . . . 2 10 . 3 . 4 1 . Detach 9 | . . . . . 6 . 1 . 2 . . Swap 4 | . 1 1 . . 1 . 1 . . . . Drop 26 | . 6 5 . 3 8 . 2 1 1 . . Fire 50 | . 12 2 . 6 19 1 5 . 5 . . Melee 4 | . . . . . 4 . . . . . . Ram . | . . . . . . . . . . . . Kick . | . . . . . . . . . . . . Crush . | . . . . . . . . . . . . Escape Stasis 30 | . . . . . . . 30 . . . . Rewire 13 | . . . 10 . . . . . . 3 . Trap . | . . . . . . . . . . . . Miscellaneous . | . . . . . . . . . . . . Route ------- -11/Scrapyard -10/Materials (discovered 2 exits: [*Mat] / [*Min]) -10/Mines (discovered 3 exits: [*Mat x2] / *Exi) -10/Exiles (discovered 2 exits: [*Min x2]) -9/Mines -8/Materials -7/Factory (discovered 2 exits: *Fac / Gar) -7/Garrison -6/Factory -6/Lower Caves -6/Lower Caves -5/Factory (discovered 4 exits: Fac x3 / Ext) History --------- Turn | Location | Event 12 | -11/Scrapyard | Discovered new exit (range 16) 73 | -11/Scrapyard | Entered Materials 74 | -10/Materials | Met a group of wandering Federalists 146 | -10/Materials | Lost 6 allies 174 | -10/Materials | Discovered new exit (range 3) 287 | -10/Materials | Discovered new exit (range 9) 315 | -10/Materials | Build established: Mutant 367 | -10/Materials | Entered Mines 419 | -10/Mines | Learned location of Storage (-7) 419 | -10/Mines | Met a Derelict bent on vengeance 573 | -10/Mines | Learned 2 Materials zone layouts 621 | -10/Mines | Discovered new exit (range 11) 682 | -10/Mines | Discovered new exit (range 9) 689 | -10/Mines | Learned Materials security intel 743 | -10/Mines | Assisted by bots powering up and referring to "LRC-V3" 1067 | -10/Mines | Joined a pair of Derelicts in attacking an 0b10 outpost 1110 | -10/Mines | Deemed a non-threat by the Exiles lab entrance 1110 | -10/Mines | Discovered new exit (range 5) 1120 | -10/Mines | Entered Exiles 1120 | -10/Exiles | Accompanied by 3 allies 1125 | -10/Exiles | Build established: Scavenger-Mutant 1141 | -10/Exiles | Discovered new exit (range 15) 1177 | -10/Exiles | Met 8R-AWN 1201 | -10/Exiles | Met EX-HEX 1261 | -10/Exiles | Met EX-DEC 1296 | -10/Exiles | Learned location of Zion (-7) 1327 | -10/Exiles | Met EX-BIN 1513 | -10/Exiles | Visited The Gauntlet 1684 | -10/Exiles | Discovered new exit (range 14) 1710 | -10/Exiles | Entered Mines 1710 | -9/Mines | Accompanied by 3 allies 1717 | -9/Mines | Received a Rocket Launcher from a helpful Derelict 2178 | -9/Mines | Assembled infested the area 2181 | -9/Mines | Discovered new exit (range 9) 2183 | -9/Mines | Assisted by a Guerilla fighting off Assembled 2205 | -9/Mines | Entered Materials 2205 | -8/Materials | Evolved 4 slots: Propulsion x2, Utility x1, Weapon x1 2227 | -8/Materials | Lost 4 allies 2450 | -8/Materials | Discovered new exit (range 16) 2672 | -8/Materials | Entered Factory 2672 | -7/Factory | Evolved 2 slots: Utility x2 2674 | -7/Factory | Discovered new exit (range 12) 2813 | -7/Factory | Identified exit to Garrison 2813 | -7/Factory | Entered Garrison 2867 | -7/Garrison | Triggered checkpoint 2902 | -7/Garrison | Installed Relay Interface Framework 2920 | -7/Garrison | Lost 7 parts (1p2n2u2w) 3037 | -7/Garrison | Triggered checkpoint 3048 | -7/Garrison | Discovered new exit (range 11) 3053 | -7/Garrison | Entered Factory 3053 | -6/Factory | Evolved 2 slots: Power x1, Utility x1 3088 | -6/Factory | Build established: Mutant 3273 | -6/Factory | Discovered new exit (range 12) 3293 | -6/Factory | Entered Lower Caves 3305 | -6/Lower Caves | Attracted the attention of an 0b10 outpost 3693 | -6/Lower Caves | Attracted the attention of an 0b10 checkpoint 3721 | -6/Lower Caves | Discovered new exit (range 7) 3723 | -6/Lower Caves | Entered another Lower Caves area 3727 | -6/Lower Caves | Learned 8 Factory zone layouts 3775 | -6/Lower Caves | Discovered new exit (range 10) 3776 | -6/Lower Caves | Encountered a Warlord checkpoint 3819 | -6/Lower Caves | Spotted B-75 Beast 4026 | -6/Lower Caves | Build established: Hacker-Sprinter 4292 | -6/Lower Caves | Entered Factory 4292 | -5/Factory | Evolved 2 slots: Propulsion x1, Utility x1 4293 | -5/Factory | Identified exit to Factory 4293 | -5/Factory | Identified exit to Extension 4294 | -5/Factory | Self-destructed Last Messages --------------- Data stored: Factory zone layouts (x8). 03731_ Acquired VTOL Module. 03732_ Attempting to rewire 4L-Q6N(l). 03732_ 4L-Q6N(l) is broken beyond repair. 03733_ Attempting to rewire XL-B43(l). 03733_ XL-B43(l) is broken beyond repair. 03734_ Attempting to rewire WJ-I0Z(s). 03734_ WJ-I0Z(s) is broken beyond repair. 03775_ EXIT=FOUND 03776_ DI-768(M): "If you spot any more Unaware lurking around the area, let us know." 03819_ Lgt. Nuclear Core destroyed. 03819_ Power Amplifier destroyed. 04132_ Lgt. Ion Engine destroyed. 04132_ ECM Suite destroyed. 04175_ Nuclear Pulse Thruster destroyed. PARAMETERS=PROPULSION+1,UTILITY+1 LOCATION=UNKNOWN GOAL=ESCAPE Loading 8 Factory zones... Map ----- +----------------------------------------------------+ | ??????????# #?# """""" #???????????????? | | ########### #?# """""" #???????????????? | | # # #?# """""" #???????????????? | | # # #?# """""" +???????????????? | | # """ """ # #?# #???????????????? | | # """ """ # #?# #???????????????? | | # """ """ # #############???????????????? | | # # ???????????????? | | # """ """ # ???????????????? | | # """ """ + ???????????????? | | # """ """ # ???????????????? | | # # "??????????????? | | # """ """ ##### ##""" ""?????????????? | | # """ """ #???# ##""F ""????????????? | | # """ """ #???# ##"" "" ???????????? | | # #???# ##""" ????????????? | | # #???# ##""" ?????????????? | | # #???# ## ??????????????? | | ###############+## !???????????????? | | ????# # ##???????????????? | | ????# # # ???????????????? | | ????# # # ???????????????? | | ????# # # ???????????????? | | ????# """"" # # ???????????????? | | ????# """"" + # ???????????????? | | ????# """ @# # ???????????????? | | ????# # # ???????????????? | | ????# """"" # # ???????????????? | | ????# """"" ####### ???????????????? | | ????# """ #?????##???????????????? | | ????# #??????????????????????? | | ????##############??????????????????????? | | ????????????????????????????????????????? | | ????????????????????????????????????????? | | ????????????????????????????????????????? | | ????????????????????????????????????????? | | ????????????????????????????????????????? | | ????????????????????????????????????????? | | ????????????????????????????????????????? | | ????????????????????????????????????????? | | ????????????????????????????????????????? | | ????????????????????????????????????????? | | ????????????????????????????????????????? | | ????????????????????????????????????????? | | ????????????????????????????????????????? | | ????????????????????????????????????????? | | ????????????????????????????????????????? | | ????????????????????????????????????????? | | | | | +----------------------------------------------------+ Best States ------------- Heat Dissipation 37 Energy Generation 21 Energy Capacity 265 Matter Stores 300 Matter Capacity 300 Sight Range 16 Robot Scan Range 15 Terrain Scan Range 16 Terrain Scan Density 210 ECM Strength 1 Power Amplification 20 Weapon Shielding 33 Evasion (%) 64 Offensive Hacking 23 Defensive Hacking 10 Item Schematics ----------------- None Robot Schematics ------------------ None Fabricated ------------ Nothing Repaired ---------- Nothing Studied --------- None Alien Tech Used ----------------- None Achievements -------------- I Survived The Infestation Join The Dark Side Omniscient Cartographer Remodeling Resistances Are Futile Challenges ------------ None Game ------ Seed ArcJammingSlayer Manual? 0 Play Time 01:01:24 Cumulative 4.5 hours Start 2026.08.02 @ 18:53:56 End 2026.08.04 @ 11:03:57 Sessions 5 Manual Loads 0 Difficulty Rogue Special Mode None Game No. 6 Rogue 4 Adventurer 2 Explorer 0 Win Type - Total 0 Types 0/0/0/0/0/0/0/0/0/0 Lore% 6 Gallery% 9 Achievement% 10 Wizard Run 0 Options --------- Layout 0 ASCII 0 Keyboard 0 Movement Mouse Keybinds 0 Fullscreen 1 Font 18/SmallcapsGlow Map View 76x50 Zoom Use 0% Tactical HUD 1 Map Filters NONE Filters NONE Steam 1 RUN: e51f8d42-3b1e-45af-b0f6-23fa59bee2d9